 Dungeon Crawl Stone Soup version 0.31.0-9-g3a7656b989 (webtiles) character file.

Game seed: 2632928945926657312

123 qw the Skirmisher (level 4, -1/25 HPs)
             Began as a Deep Elf Hunter on Feb 2, 2024.
             Slain by an orc
             ... wielding a +0 flail
              (6 damage)
             ... on level 3 of the Dungeon.
             The game lasted 00:00:06 (2203 turns).

qw the Skirmisher (Deep Elf Hunter)                 Turns: 2203, Time: 00:00:07

Health: -1/25      AC:  6    Str: 10    XL:     4   Next: 79%
Magic:  0/6        EV: 11    Int: 14    God:
Gold:   1017       SH:  0    Dex: 18    Spells: 3/3 levels left

rFire   . . .        a - +0 shortbow
rCold   . . .        (shield currently unavailable)
rNeg    . . .        f - +1 ring mail
rPois   .            (no helmet)
rElec   .            (no cloak)
rCorr   .            (no gloves)
SInv    .            (no boots)
Will    .....        g - amulet of guardian spirit
Stlth   +            (no ring)
HPRegen 0.24/turn    (no ring)
MPRegen 0.10/turn

%: guardian spirit
@: no status effects
A: no striking features
a: no special abilities


You were on level 3 of the Dungeon.
You visited 1 branch of the dungeon, and saw 3 of its levels.

You collected 1017 gold pieces.


   Skills:
 - Level 1.5 Fighting
 + Level 8.2 Ranged Weapons
 - Level 2.4 Dodging
 - Level 1.2 Stealth


You had 3 spell levels left.
You didn't know any spells.
Your spell library was empty.

Inventory:

Hand Weapons
 a - a +0 shortbow (weapon)
Armour
 f - a +1 ring mail (worn)
 m - a +2 leather armour of willpower
 n - a +1 helmet
Jewellery
 c - a ring of fire
 g - an amulet of guardian spirit (around neck)
Wands
 d - a wand of mindburst (14)
Scrolls
 h - a scroll of fear {unknown}
 k - 2 scrolls of blinking {unknown}
 l - 2 scrolls of identify
Potions
 b - a potion of might {unknown}
 e - a potion of curing {unknown}
 i - a potion of ambrosia {unknown}
 j - a potion of berserk rage {unknown}

Dungeon Overview and Level Annotations

Branches:
Dungeon (3/15)

Altars:


Message History

The arrow hits the frilled lizard but does no damage.
You shoot an arrow. The arrow hits the frilled lizard!
You kill the frilled lizard!
You now have 1017 gold pieces (gained 4).
An orc and an orc priest come into view.
The orc shouts!
The orc priest shouts!
The orc priest moves out of view.
There is an escape hatch in the ceiling here.
You shoot an arrow. The arrow closely misses the orc.
You shoot an arrow. The arrow hits the orc.
The orc is severely wounded.
You shoot an arrow.
The arrow hits the orc but does no damage.
The orc is severely wounded.
The orc priest calls upon Beogh to heal the orc.
The orc's wounds heal themselves!
The orc hits you with a +0 short sword. The orc hits you but does no damage.
The orc priest calls down the wrath of Beogh upon you.
Beogh smites you!
You shoot an arrow. The arrow closely misses the orc.
An orc comes into view. It is wielding a +0 flail.
The orc hits you with a +0 short sword.
You shoot an arrow.
The arrow closely misses the orc priest.
The orc priest hits you with a +0 mace! The orc hits you with a +0 short sword.
You shoot an arrow.
The arrow closely misses the orc priest.
The arrow hits the orc.
The orc is lightly wounded.
The orc priest hits you with a +0 mace. The orc hits you but does no damage.
You shoot an arrow. The arrow hits the orc priest.
The orc priest is moderately wounded.
The orc priest barely misses you. The orc hits you with a +0 short sword.
You shoot an arrow. The arrow hits the orc priest!
The orc priest is severely wounded.
The orc priest barely misses you. The orc hits you but does no damage.
You shoot an arrow. The arrow hits the orc priest!
You kill the orc priest!
The orc hits you with a +0 flail!
You die...

## #.##### ####.# .# ##
#.....# #....# .#
#####.# #.#### ## #.#
#.#.. .# #.# #.#.# ##
#.# ##.#.####.# #.#
#.......#.# ##### #.#
#..#.##.#.# #######...#
##@###..#.##.#.#
..........#
###oo)##..#......#
#######...#
#................# ##.##
#.#...##..####..## ..
#.# #.##.###..####..##.#
#.# #.##.# #...........#
#.# #.##.# #.#####..####
##
#.####.##.###..........#
..
#......#...###########.#


You could see 2 orcs.

Vanquished Creatures
  An orc priest (D:3)
  Ijyb (D:3)
  Terence (D:3)
  Robin (D:3)
  A dart slug (D:1)
  2 ribbon worms (D:3)
  An orc (D:3)
  7 ball pythons
  7 bats
  9 endoplasms
  8 goblins
  4 hobgoblins
  A frilled lizard (D:3)
  3 kobolds
  3 rats
50 creatures vanquished.

Notes
Turn   | Place    | Note
-------+----------+-------------------------------------------
     0 | D:1      | qw the Deep Elf Hunter began the quest for the Orb.
     0 | D:1      | Reached XP level 1. HP: 12/12 MP: 3/3
     0 | D:1      | 0 ||| qw: Version: 0.3-a-155-g5e7d8dd
     0 | D:1      | 0 ||| qw: Game counter: 2555
     0 | D:1      | 0 ||| qw: Melee chars always use a shield: true
     0 | D:1      | 0 ||| qw: God list: Okawaru
     0 | D:1      | 0 ||| qw: Allow faded altars: false
     0 | D:1      | 0 ||| qw: Do Orc after clearing Dungeon:15 true
     0 | D:1      | 0 ||| qw: Do second Lair branch before Depths: true
     0 | D:1      | 0 ||| qw: Lair rune preference: random
     0 | D:1      | 0 ||| qw: Goals: Normal
     0 | D:1      | 0 ||| PLANNING D:1-11
   266 | D:1      | Reached XP level 2. HP: 16/16 MP: 4/4
   270 | D:1      | Reached skill level 6 in Ranged Weapons
  1071 | D:1      | 1071 ||| UPGRADING to +0 ring mail.
  1081 | D:1      | 1081 ||| DROPPING +0 leather armour.
  1082 | D:1      | 1082 ||| READING scroll labelled KALLUO XALOO.
  1083 | D:1      | 1083 ||| READING scroll labelled NAMETW KEPLAD.
  1111 | D:1      | 1111 ||| READING 2 scrolls labelled XAALYP WOES.
  1111 | D:1      | 1111 ||| IDENTIFYING grey potion
  1112 | D:1      | 1112 ||| READING scroll of identify.
  1112 | D:1      | 1112 ||| IDENTIFYING scroll labelled ULOS JO LUPH
  1113 | D:1      | 1113 ||| READING scroll labelled ASIELOT OSIRUG.
  1113 | D:1      | 1113 ||| ENCHANTING +0 ring mail.
  1114 | D:1      | 1114 ||| DROPPING scroll of butterflies.
  1115 | D:1      | 1115 ||| DROPPING potion of invisibility.
  1116 | D:1      | 1116 ||| DROPPING scroll of fog.
  1252 | D:2      | Reached XP level 3. HP: 20/20 MP: 5/5
  1546 | D:2      | Found a faded altar of an unknown god.
  1717 | D:2      | 1717 ||| UPGRADING to amulet of guardian spirit.
  1722 | D:2      | 1722 ||| READING scroll labelled KOW KOTTUTUEMN.
  1722 | D:2      | Identified a scroll of acquirement
  1722 | D:2      | 1722 ||| ACQUIRING 833 gold pieces
  1722 | D:2      | Acquired 833 gold pieces
  1724 | D:2      | 1724 ||| READING 2 scrolls labelled BYS SOMIJU.
  1725 | D:2      | 1725 ||| READING scroll labelled COPOVO EW WOR.
  1728 | D:2      | 1728 ||| DRINKING 2 golden potions.
  1729 | D:2      | 1729 ||| DROPPING scroll of immolation.
  1874 | D:3      | Reached skill level 7 in Ranged Weapons
  1960 | D:3      | Noticed Terence
  1966 | D:3      | Noticed Ijyb
  1979 | D:3      | HP: 3/20 [Terence/+0 flail (6)]
  1980 | D:3      | 1980 ||| DRINKING potion of heal wounds.
  1983 | D:3      | Killed Terence
  1984 | D:3      | Reached XP level 4. HP: 17/25 MP: 1/6
  1991 | D:3      | Killed Ijyb
  2107 | D:3      | Reached skill level 8 in Ranged Weapons
  2108 | D:3      | Noticed Robin
  2114 | D:3      | Killed Robin
  2200 | D:3      | HP: 5/25 [orc priest/+0 mace (3)]
  2203 | D:3      | Slain by an orc

Levels and vault maps discovered:
D:1:      nzn_arrival_settlement, layout_basic, minmay_misc_feat_ornament
D:2:      layout_loops_cross, dilly_ecumenical_altar_fadedgnrine
D:3:      layout_loops_ring, grunt_temple_overflow_opulence,
          uniq_crazy_yiuf_cottage, uniq_robin, uniq_ijyb, uniq_terence

Skill      XL: |  1  2  3  4 |
---------------+-------------+-----
Ranged Weapons | 6 7 8 |  8.2
Fighting       | |  1.5
Dodging        | |  2.4
Stealth        | |  1.2

Action                     |  1- 3 |  4- 6 || total
---------------------------+-------+-------++-------
   Fire: Shortbow          |   113 |    40 ||   153
    Use: Scroll            |     8 |       ||     8
         Potion            |     2 |       ||     2
 Armour: Leather armour    |     5 |       ||     5
         Ring mail         |    15 |    15 ||    30
  Dodge: Dodged            |    25 |     6 ||    31

Table legend:
 A = Non-vault XP
 B = Vault XP
 C = Vault XP percentage of total XP
 D = Non-vault monster count
 E = Vault monster count
 F = Vault count percentage of total count
                 A         B        C        D         E       F
            +---------+---------+-------+---------+---------+-------
      Total |     121 |      99 |  45.0 |      41 |       9 |  18.0
            +---------+---------+-------+---------+---------+-------
        D:1 |      33 |       0 |   0.0 |      18 |       0 |   0.0
        D:2 |      18 |       0 |   0.0 |      10 |       0 |   0.0
        D:3 |      70 |      99 |  58.6 |      13 |       9 |  40.9
            +---------+---------+-------+---------+---------+-------
